 Dungeon Crawl Stone Soup version 0.18.1-47-g9310371 (webtiles) character file.

49 M4edhros the Sneak (level 3, -4/23 HPs)
             Began as an Octopode Artificer on June 21, 2016.
             Was an Initiate of Cheibriados.
             Killed by nerve-wracking pain
             ... invoked by Jessica
              (13 damage)
             ... on level 3 of the Dungeon.
             The game lasted 00:02:14 (579 turns).

M4edhros the Sneak (Octopode Artificer)              Turns: 579, Time: 00:02:15

Health: -4/23      AC:  1    Str: 11    XL:     3   Next: 75%
Magic:  5/5        EV: 12    Int: 15    God:    Cheibriados [......]
Gold:   56         SH:  0    Dex: 14    Spells: 0 memorised, 2 levels left

rFire  + . .     SeeInvis .     a - +0 short sword
rCold  x . .     Gourm    .     (no shield)
rNeg   . . .     Faith    .     (helmet restricted)
rPois  .         Spirit   .     j - amulet of regeneration
rElec  .         Dismiss  .     e - ring of resist corrosion
rCorr  +         Reflect  .     h - ring of flight
SustAt .         Harm     .     q - ring of fire
MR     .....                    (no ring)
Stlth  ++++......               (no ring)
                                (no ring)
                                (no ring)
                                (no ring)

@: very slow, not resistant to hostile enchantments, stealthy
A: almost no armour, amphibious, 8 rings, constrict 8, camouflage 1, gelatinous
body 1
a: Bend Time, Renounce Religion, Evoke Flight


You were on level 3 of the Dungeon.
You worshipped Cheibriados.
Cheibriados was noncommittal.
You were not hungry.

You visited 1 branch of the dungeon, and saw 3 of its levels.

You collected 56 gold pieces.

Inventory:

Hand Weapons
 a - a +0 short sword (weapon)
Jewellery
 e - a ring of resist corrosion (left tentacle)
 h - a ring of flight (right tentacle)
 j - an amulet of regeneration (around mantle)
 q - a ring of fire (on tentacle)
Wands
 b - a wand of flame (13/48)
 c - a wand of enslavement (15/24)
 d - a wand of random effects (15/48)
Scrolls
 k - 5 scrolls of magic mapping {unknown}
 l - a scroll of identify {unknown}
 p - a scroll of recharging {unknown}
 r - a scroll of remove curse {unknown}
Potions
 g - 2 potions of heal wounds {unknown}
 m - a potion of brilliance {unknown}
 o - a potion of might {unknown}
Comestibles
 f - 5 bread rations
 n - a royal jelly


   Skills:
 - Level 1.0 Fighting
 - Level 1.0 Short Blades
 - Level 2.0 Dodging
 + Level 4.6 Stealth
 + Level 1.1 Unarmed Combat
 - Level 3.2 Evocations


You had 2 spell levels left.
You didn't know any spells.

Dungeon Overview and Level Annotations

Branches:
Dungeon (3/15)

Altars:
Cheibriados

Annotations:
D:3 Jessica


Innate Abilities, Weirdness & Mutations

You cannot wear most types of armour.
You are amphibious.
You can wear up to eight rings at the same time.
You can use your tentacles to constrict eight enemies at once.
Your skin changes colour to match your surroundings (Stealth).
Your rubbery body absorbs attacks (AC +1).


Message History

Jessica is moderately wounded.
Jessica barely misses you.
Jessica hits you with a dagger of protection.
You hit Jessica but do no damage. You grab Jessica.
Jessica is moderately wounded.
You constrict Jessica. Jessica barely misses you.
You hit Jessica but do no damage. You squeeze Jessica.
Jessica is severely wounded.
You constrict Jessica.
Jessica grins evilly.
Jessica hits you with a dagger of protection.
Jessica mumbles some strange words.
Jessica struggles to blink free from constriction.
You hit Jessica but do no damage.
Jessica is severely wounded.
You constrict Jessica. Jessica casts a spell at you.
Pain shoots through your body!
Ouch! That really hurt!
You die...

. .## ..#
#.# #. #?#
#. #.#
#.##.#
..#.# #.#@#
#.#@####
#......##
##.......#
#<........#
#.....>...#
#.........#
#.........#
#.........#


You could see Jessica.

Vanquished Creatures
  2 adders
  A worm (D:2)
  A giant gecko (D:1)
  A ball python (D:1)
  3 bats (D:1)
  2 giant cockroaches (D:1)
  5 goblins (D:1)
  4 hobgoblins
  2 kobolds (D:1)
  2 giant newts
  2 rats (D:1)
25 creatures vanquished.

Notes
Turn   | Place    | Note
--------------------------------------------------------------
     0 | D:1      | M4edhros the Octopode Artificer began the quest for the Orb.
     0 | D:1      | Reached XP level 1. HP: 13/13 MP: 3/3
    40 | D:1      | Reached skill level 2 in Stealth
   205 | D:1      | Found a snail-covered altar of Cheibriados.
   208 | D:1      | Reached skill level 3 in Stealth
   208 | D:1      | Reached XP level 2. HP: 15/18 MP: 4/4
   302 | D:1      | Became a worshipper of Cheibriados the Contemplative
   420 | D:1      | Reached skill level 4 in Stealth
   420 | D:1      | Reached XP level 3. HP: 23/23 MP: 5/5
   538 | D:3      | Noticed Jessica
   574 | D:3      | Reached skill level 1 in Unarmed Combat
   579 | D:3      | Killed from afar by Jessica

Skill      XL: |  1  2  3 |
---------------+----------+-----
Stealth        | 3 4 |  4.6
Unarmed Combat | 1 |  1.1
Fighting       | |  1.0
Short Blades   | |  1.0
Dodging        | |  2.0
Evocations     | |  3.2

Action                   || total
-------------------------++-------
Melee: Short sword       ||    55
       Constrict         ||    16
       Tentacles         ||    10
Evoke: Wand              ||     2
  Use: Potion            ||     1
 Stab: Sleeping          ||     4
Armor: Skin              ||     5
Dodge: Dodged            ||    36
